 Dungeon Crawl Stone Soup version 0.29-a0-1019-g84f7d21838 (webtiles) character file.

Game seed: 9921646689442766896

248 jlumianski the Chopper (level 5, -5/40 HPs)
             Began as a Demonspawn Gladiator on Aug 11, 2022.
             Shot with an arrow by a centaur (7 damage)
             ... on level 5 of the Dungeon.
             The game lasted 00:07:44 (1628 turns).

jlumianski the Chopper (Demonspawn Gladiator)       Turns: 1628, Time: 00:07:44

Health: -5/40      AC: 10    Str: 16    XL:     5   Next: 86%
Magic:  5/5        EV: 11    Int:  9    God:
Gold:   90         SH:  4    Dex: 18    Spells: 4/4 levels left

rFire   . . .      SeeInvis .   a - +0 war axe
rCold   . . .      Faith    .   (no shield)
rNeg    . . .      Spirit   .   r - +3 scale mail "Enliarphits" {Dex+3}
rPois   .          Reflect  .   c - +0 helmet
rElec   .          Harm     .   (no cloak)
rCorr   .          Rampage  .   (no gloves)
Will    .....                   (no boots)
Stlth   ..........              (no amulet)
HPRegen 0.13/turn               f - ring of wizardry
MPRegen 0.09/turn               (no ring)

@: marked
A: large bone plates 1, powered by death 1, weakness stinger 2
a: no special abilities


You were on level 5 of the Dungeon.
You visited 1 branch of the dungeon, and saw 5 of its levels.

You collected 90 gold pieces.

Inventory:

Hand Weapons
 a - a +0 war axe (weapon)
 o - a +2 vorpal spear
Missiles
 d - 3 throwing nets (quivered)
 e - a javelin
 h - 7 stones
Armour
 b - a +0 leather armour
 c - a +0 helmet (worn)
 l - a +0 scale mail
 r - the +3 scale mail "Enliarphits" (worn) {Dex+3}
   (You found it on level 3 of the Dungeon)

   Dex:       It affects your dexterity (+3).
Jewellery
 f - a ring of wizardry (left hand)
Wands
 q - a wand of digging (1)
Scrolls
 i - a scroll of magic mapping
 n - a scroll of vulnerability {unknown}
 p - a scroll of enchant armour {unknown}
 s - a scroll of poison {unknown}
Potions
 j - a potion of attraction
 k - a potion of might


   Skills:
 + Level 2.9 Fighting
 + Level 4.7 Axes
 + Level 1.8 Throwing
 + Level 1.1 Armour
 + Level 3.3 Dodging
 + Level 0.7 Stealth
 + Level 0.9 Shields


You had 4 spell levels left.
You didn't know any spells.
Your spell library contained the following spells:

 Spells                   Type           Power      Damage    Failure   Level
 Slow                     Hex            0%         N/A       50%         1
 Confusing Touch          Hex            0%         N/A       85%         3
 Vampiric Draining        Necr           0%         2d6       85%         3
 Passage of Golubria      Tloc           0%         N/A       99%         4
 Silence                  Hex/Air        0%         N/A       100%        5
 Lehudib's Crystal Spear  Conj/Erth      0%         10d2      100%        8


Dungeon Overview and Level Annotations

Branches:
Dungeon (4/15)
 Temple: D:4-7

Altars:


Innate Abilities, Weirdness & Mutations

You are partially covered in large bone plates. (SH +4)
You regenerate a little health from kills.
You have a tail ending in a sharp stinger.


Message History

d - 3 throwing nets A sky beast comes into view.
The sky beast flickers out of sight!
Deactivating autopickup; reactivate with Ctrl-A.
An iguana comes into view.
Found a stone staircase leading up.
The iguana hisses angrily.
You hit the iguana.
The iguana is moderately wounded.
You block the iguana's attack. The iguana bites you!
* * * LOW HITPOINT WARNING * * *
You closely miss the iguana.
The iguana is lightly wounded.
The iguana hisses menacingly.
The iguana bites you.
* * * LOW HITPOINT WARNING * * *
Unknown command.
As you read the scroll of butterflies, it crumbles to dust.
You hear the tinkle of a tiny bell.
The iguana barely misses you. Something hits you.
* * * LOW HITPOINT WARNING * * *
Something shocks you.
* * * LOW HITPOINT WARNING * * *
You swap places.
Something hits you but does no damage.
Found an emerald potion.
Found a stone staircase leading up.
A sourceless malevolence fills the Dungeon...
With a horrendous wail, an alarm goes off!
A sentinel's mark forms upon you.
You hear a shout! x12; You hear an angry hiss. x2
Something hits your butterfly.
Your butterfly dies!
Your butterfly disappears in a burst of colours!
The iguana bites you but does no damage.
You swap places.
A centaur comes into view.
An ogre comes into view. It is wielding a +0 giant club.
You block the iguana's attack.
The centaur wields a +0 shortbow.
The centaur shoots an arrow.
The arrow hits you!
You die...

#...........#
###......#........
#.....#..##.#.....
#...###.# ..........
#.#####.###.........
..........b..b.......
...........bbb.........
..........##..l.b.b.....
.....##### ##b.b@bb.....
.... ##b.........
.O....b..b.##
....b..........
#...............
######.......c##
#.......<.. ####.......


You could see an ogre, a centaur and an iguana (ally target).

Vanquished Creatures
  A scorpion (D:4)
  An orc priest (D:3)
  2 hounds (D:5)
  An iguana (D:4)
  2 adders (D:3)
  A dart slug (D:1)
  4 orcs (D:3)
  6 ball pythons
  6 endoplasms
  2 giant cockroaches
  5 hobgoblins
  3 kobolds
  3 quokkas
  3 bats
  2 frilled lizards
  4 goblins (D:1)
  2 rats
48 creatures vanquished.

Vanquished Creatures (others)
  A fungus (D:1)
1 creature vanquished.

Grand Total: 49 creatures vanquished

Notes
Turn   | Place    | Note
-------+----------+-------------------------------------------
     0 | D:1      | jlumianski the Demonspawn Gladiator began the quest for the
                  | Orb.
     0 | D:1      | Reached XP level 1. HP: 16/16 MP: 1/1
   123 | D:1      | Gained mutation: You are partially covered in large bone
                  | plates. (SH +4) [demonic ancestry]
   123 | D:1      | Reached XP level 2. HP: 14/22 MP: 2/2
   281 | D:1      | Reached skill level 3 in Axes
   753 | D:1      | Gained mutation: You regenerate a little health from kills.
                  | [demonic ancestry]
   753 | D:1      | Reached XP level 3. HP: 28/28 MP: 3/3
  1286 | D:3      | Gained mutation: You have a small tail. [demonic ancestry]
  1286 | D:3      | Reached XP level 4. HP: 32/34 MP: 4/4
  1383 | D:3      | Identified the +3 scale mail "Enliarphits" {Dex+3}
  1492 | D:4      | Reached skill level 4 in Axes
  1502 | D:4      | Noticed a scorpion
  1508 | D:4      | Killed a scorpion
  1509 | D:4      | Gained mutation: You have a tail ending in a sharp stinger.
                  | [demonic ancestry]
  1509 | D:4      | Reached XP level 5. HP: 38/39 MP: 5/5
  1529 | D:4      | Reached skill level 1 in Armour
  1540 | D:3      | You fall into a shaft and drop 2 floors!
  1540 | D:5      | Entered Level 5 of the Dungeon
  1612 | D:5      | Noticed a sky beast
  1625 | D:5      | HP: 2/40 [something (5)]
  1627 | D:5      | Noticed a centaur
  1627 | D:5      | Noticed an ogre
  1628 | D:5      | Shot with an arrow by a centaur

Illustrated notes

Levels and vault maps discovered:
D:1:      dpeg_arrival_prison, layout_loops_ring
D:2:      layout_loops_ring, minmay_misc_feat_ornament
D:3:      layout_basic, minmay_joined_circles
D:4:      layout_loops_cross, enter_ossuary_1
D:5:      layout_rooms, uniq_duvessa

Skill      XL: |  1  2  3  4  5 |
---------------+----------------+-----
Dodging        | 3 |  3.3
Axes           | 3 4 |  4.7
Armour         | 1 |  1.1
Fighting       | |  2.9
Throwing       | |  1.8
Stealth        | |  0.7
Shields        | |  0.9

Action                   |  1- 3 |  4- 6 || total
-------------------------+-------+-------++-------
Melee: War axe           |    74 |    52 ||   126
       Punch             |     1 |     1 ||     2
       Tailslap          |       |    10 ||    10
Throw: Throwing net      |       |     3 ||     3
  Use: Scroll            |       |     5 ||     5
 Stab: Sleeping          |     1 |       ||     1
Armor: Leather armour    |    12 |       ||    12
       Scale mail        |    12 |    23 ||    35
Dodge: Dodged            |    41 |    28 ||    69
Block: Other             |     8 |    16 ||    24

Table legend: (Time is in decaauts)
 A = Elapsed time spent in this place.
 B = Non-inter-level travel time spent in this place.
 C = Inter-level travel time spent in this place.
 D = Time resting spent in this place.
 E = Time spent auto-exploring this place.
 F = Levels seen in this place.
 G = Mean time per level.
                   A        B        C        D        E       F      G
               +--------+--------+--------+--------+--------+-----+--------+
         Total |   1668 |   1654 |     14 |    109 |    848 |   5 |  333.6 |
       Dungeon |   1668 |   1654 |     14 |    109 |    848 |   5 |  333.6 |
               +--------+--------+--------+--------+--------+-----+--------+

Top non-repeatable levels by time:
     D:1: 892 daAuts
     D:2: 333 daAuts
     D:3: 285 daAuts
     D:5: 89 daAuts
     D:4: 66 daAuts
